 Dungeon Crawl Stone Soup version 0.31-a0-1096-g246cf0196b (webtiles) character file.

Game seed: 4161127971308413954

5847306 Flugkiller the Wretched Star (level 26, 354/354 HPs)
             Began as a Meteoran Shapeshifter on Nov 29, 2023.
             Was a Priest of Lugonu.
             Escaped with the Orb
             ... and 4 runes on Nov 30, 2023!
             The game lasted 01:58:28 (19613 turns).

Flugkiller the Wretched Star (MeSh)                Turns: 19613, Time: 01:58:28

Health: 354/354    AC: 22    Str: 33    XL:     26   Next: 80%
Magic:  41/41      EV: 18    Int: 13    God:    Lugonu [***...]
Gold:   321        SH:  0    Dex: 22    Spells: 28/33 levels left

rFire   + +          +
                       - Unarmed
rCold   . . .        k - melded +4 buckler of the Mind {rF+}
rNeg    . . .        (body armour currently unavailable)
rPois   +            v - melded +0 helmet
rElec   .            H - melded +1 cloak of Summer {Str+3 Int+4}
rCorr   +            (gloves currently unavailable)
SInv    .            (boots currently unavailable)
Will    +++..        p - amulet "Wievett" {rF+ Regen+}
Stlth   +            c - ring "Ufuus" {rC+ rCorr Dex+3}
HPRegen 1.59/turn    T - ring of the Tortoise {AC+8}
MPRegen 0.27/turn

%: no passive effects
@: dragon-form, flying, glowing
A: dragon claw, dragon scales, breathe fire, flying, boosted hp, giant, sense
surroundings 3, otherworldly, glowing, explore regen
0: Orb of Zot
}: 4/15 runes: barnacled, slimy, silver, gossamer
a: Breathe Fire, Begin Untransformation, Renounce Religion, Depart the Abyss,
Banish


You escaped.
You worshipped Lugonu.
Lugonu was most pleased with you.
You were a fearsome dragon!
You visited 11 branches of the dungeon, and saw 53 of its levels.
You visited the Abyss 1 time.
You visited 1 bazaar.
You also visited: Gauntlet and Ice Cave.

You collected 4341 gold pieces.
You spent 4020 gold pieces at shops.

Inventory:

Missiles
 u - 3 throwing nets
 D - 19 curare-tipped darts
 G - 33 boomerangs
 L - 34 silver javelins (quivered)
Armour
 k - the +4 buckler of the Mind (melded) {rF+}
   (You found it on level 1 of the Lair of Beasts)

   rF+:       It protects you from fire.
 o - a +0 tower shield
   (You found it on level 4 of the Spider Nest)
 v - a +0 helmet (melded)
   (You took it off Robin on level 3 of the Dungeon)
 H - the +1 cloak of Summer (melded) {Str+3 Int+4}
   (You found it on level 3 of the Elven Halls)

   Str+3:     It affects your strength (+3).
   Int+4:     It affects your intelligence (+4).
 K - a scarf of repulsion
   (You found it on level 5 of the Pits of Slime)
Jewellery
 c - the ring "Ufuus" (left foreclaw) {rC+ rCorr Dex+3}
   (You found it on level 2 of the Depths)

   [ring of resist corrosion]

   Dex+3:     It affects your dexterity (+3).
   rC+:       It protects you from cold.
   rCorr:     It protects you from acid and corrosion.
 f - the ring "Immuss" {Fly rF+}
   (You found it on level 2 of the Depths)

   [ring of flight]

   rF+:       It protects you from fire.
   Fly:       It grants you flight.
 i - a ring of see invisible
   (You found it on level 14 of the Dungeon)
 m - a ring of willpower
   (You found it on level 11 of the Dungeon)
 p - the amulet "Wievett" (around neck) {rF+ Regen+}
   (You found it on level 2 of the Depths)

   [amulet of regeneration]

   rF+:       It protects you from fire.
   Regen+:    It increases your rate of health regeneration.
 T - the ring of the Tortoise (right foreclaw) {AC+8}
   (You found it in a Gauntlet)

   [ring of protection]

   AC+8:      It affects your AC (+8).
 U - the ring of Noon {rF+ Will+ Int+3}
   (You bought it in a shop on level 2 of the Orcish Mines)

   [ring of protection from fire]

   Int+3:     It affects your intelligence (+3).
   rF+:       It protects you from fire.
   Will+:     It increases your willpower.
 W - the ring of Yfiuseo {rPois AC+4 Str+6 Int+2 Stlth-}
   (You acquired it on level 1 of the Shoals)

   [ring of protection]

   AC+4:      It affects your AC (+4).
   Str+6:     It affects your strength (+6).
   Int+2:     It affects your intelligence (+2).
   rPois:     It protects you from poison Stlth-: It makes you less stealthy.
 X - the amulet of Vitality {RegenMP++ Regen++}
   (You found it in a Gauntlet)

   [amulet of magic regeneration]

   RegenMP:   It increases your rate of magic regeneration.
   Regen++:   It increases your rate of health regeneration.
Talismans
 C - a granite talisman
   (You took it off Roxanne on level 15 of the Dungeon)
 E - a dragon-blood talisman (active)
   (You found it on level 3 of the Lair of Beasts)
Wands
 x - a wand of charming (53)
   (You found it on level 3 of the Dungeon)
 y - a wand of mindburst (11)
   (You took it off Ijyb on level 3 of the Dungeon)
 J - a wand of acid (28)
   (You found it on level 3 of the Dungeon)
 M - a wand of iceblast (25)
   (You took it off Maurice on level 10 of the Dungeon)
 R - a wand of digging (9)
   (You found it on level 11 of the Dungeon)
Scrolls
 a - 6 scrolls of fog
 j - 2 scrolls of immolation
 l - 7 scrolls of vulnerability
 r - a scroll of silence
 s - 9 scrolls of fear
 t - 9 scrolls of teleportation
 z - 3 scrolls of blinking
 O - a scroll of summoning
 P - 7 scrolls of enchant armour
 S - 4 scrolls of torment
 V - 8 scrolls of poison
Potions
 b - 5 potions of lignification
 d - 10 potions of might
 e - 8 potions of ambrosia
 g - 4 potions of mutation
 h - 2 potions of haste
 n - 4 potions of resistance
 q - 12 potions of curing
 w - 3 potions of heal wounds
 B - 3 potions of enlightenment
 F - 5 potions of berserk rage
 I - 2 potions of magic
 N - 8 potions of attraction
 Q - a potion of cancellation
Miscellaneous
 A - a phial of floods
   (You bought it in a shop on level 1 of the Orcish Mines)
 Y - a tin of tremorstones (2/2)
   (You found it on level 4 of the Lair of Beasts)


   Skills:
 + Level 19.1 Fighting
 - Level 11.1 Throwing
 - Level 15.0 Dodging
 - Level 15.0 Shields
 + Level 19.8 Unarmed Combat
 - Level 4.0 Spellcasting
 - Level 5.0 Translocations
 - Level 5.0 Transmutations
 O Level 27 Invocations
 - Level 7.5 Evocations
 - Level 19.0 Shapeshifting


You had 28 spell levels left.
You knew the following spells:

 Your Spells              Type           Power      Damage    Failure   Level
a - Lesser Beckoning      Tloc           30%        N/A       4%          2
b - Wereblood             Tmut           15%        N/A       4%          2
q - Apportation           Tloc           30%        N/A       2%          1

Your spell library contained the following spells:

 Spells                   Type           Power      Damage    Failure   Level
 Gell's Gravitas          Tloc           15%        N/A       8%          3
 Teleport Other           Tloc           15%        N/A       8%          3
 Freeze                   Ice            8%         1d3       21%         1
 Kiss of Death            Conj/Necr      8%         2d6       21%         1
 Magic Dart               Conj           8%         1d3       21%         1
 Necrotise                Necr           8%         1d4       21%         1
 Slow                     Hex            8%         N/A       21%         1
 Passage of Golubria      Tloc           15%        N/A       26%         4
 Call Imp                 Summ           4%         N/A       30%         2
 Cigotuvi's Dreadful Rot  Necr/Pois/Air  4%         N/A       30%         2
 Static Discharge         Conj/Air       4%         3-4/arc   30%         2
 Sublimation of Blood     Necr           2%         N/A       30%         2
 Call Canine Familiar     Summ           2%         N/A       52%         3
 Confusing Touch          Hex            2%         N/A       52%         3
 Dazzling Flash           Conj/Hex       4%         N/A       52%         3
 Frozen Ramparts          Ice            4%         1d1       52%         3
 Hailstorm                Conj/Ice       2%         3d3       52%         3
 Mephitic Cloud           Conj/Pois/Air  2%         N/A       52%         3
 Sigil of Binding         Hex            2%         N/A       52%         3
 Stone Arrow              Conj/Erth      4%         3d7       52%         3
 Swiftness                Air            2%         N/A       52%         3
 Tukima's Dance           Hex            2%         N/A       52%         3
 Vampiric Draining        Necr           2%         2d6       52%         3
 Dimensional Bullseye     Hex/Tloc       4%         N/A       58%         4
 Iskenderun's Mystic Bla  Conj/Tloc      9%         2d4       58%         4
 Airstrike                Air            1%         2d(1-17)  90%         4
 Animate Armour           Summ/Erth      4%         N/A       90%         4
 Dispel Undead            Necr           2%         3d7       90%         4
 Fulminant Prism          Conj/Hex       1%         3d5       90%         4
 Leda's Liquefaction      Hex/Erth       1%         N/A       90%         4
 Summon Lightning Spire   Summ/Air       2%         N/A       90%         4
 Alistair's Intoxication  Tmut/Pois      6%         N/A       90%         5
 Yara's Violent Unravell  Hex/Tmut       4%         3d4       90%         5
 Agony                    Necr           2%         N/A       99%         5
 Borgnjor's Vile Clutch   Necr/Erth      1%         N/A       99%         5
 Fireball                 Conj/Fire      1%         3d3       99%         5
 Silence                  Hex/Air        1%         N/A       99%         5
 Dispersal                Tloc           7%         N/A       99%         6
 Conjure Ball Lightning   Conj/Air       1%         3x3d6     100%        6
 Eringya's Noxious Bog    Tmut/Pois      4%         4d6       100%        6
 Starburst                Conj/Fire      1%         6d3       100%        6
 Summon Hydra             Summ           1%         N/A       100%        7
 Discord                  Hex            1%         N/A       100%        8
 Disjunction              Tloc           7%         N/A       100%        8
 Lehudib's Crystal Spear  Conj/Erth      1%         10d2      100%        8


Dungeon Overview and Level Annotations

Branches:
Dungeon (15/15)            Temple (1/1) D:6            Lair (5/5) D:9
 Shoals (4/4) Lair:3       Spider (4/4) Lair:3        Slime (5/5) Lair:5
    Orc (2/2) D:9             Elf (3/3) Orc:2        Vaults (5/5) D:14
 Depths (4/4) D:15            Zot (5/5) Depths:4      IceCv (visited)
Gauntlet (visited)
  Crypt: Vaults:2-3

Altars:
Ashenzari
Cheibriados
Dithmenos
Elyvilon
Fedhas
Gozag
Kikubaaqudgha
Makhleb
Nemelex Xobeh
Okawaru
Qazlal
Ru
Sif Muna
Trog
Uskayaw
Vehumet
Wu Jian
Xom
Yredelemnul
Zin
The Shining One
Jiyva

Shops:
D:4 [!   Orc:1 *   Orc:2 [=?   Shoals:1 (   Vaults:5 =?!!!   Depths:1 *
Depths:2 ==[   Depths:4 ?*?([

Portals:
Hell: Depths:2
Abyss: Depths:2 Depths:3
Pandemonium: Depths:2
Ziggurat: Depths:3

Annotations:
D:8 1 transporter, Poopy's ghost, novice FeSu
D:12 Frances
Slime:5 exclusion: upstairs
Zot:5 exclusions: upstairs and 2 more exclusions
Abyss:1 Tiamat


Innate Abilities, Weirdness & Mutations

You are a fearsome dragon!
You have a powerful clawing attack.
Your giant scaled body is strong and resilient, but less evasive.
You can breathe fire.
You are flying.
Your maximum health is greatly increased.
Your armour is entirely melded.
You are incapable of wielding weapons or throwing items.
You passively map a large area around you.
You are easily found by Zot.
You glow in the dark.
You regain HP and MP as you explore.


Message History

You feel sick.
You feel sick.
A Brimstone Fiend comes into view.
You feel sick.
A Hell Sentinel comes into view.
You feel sick. The Hell Sentinel gestures at you.
The sphere of damnation explodes!
The damnation engulfs you!!
Unknown command.
You feel sick.
There is a stone staircase leading up here.
Unknown command.
You feel sick. The Hell Sentinel gestures at you.
The sphere of damnation explodes!
The damnation engulfs you!!!
You fly upwards.
You feel sick.
There is a stone staircase leading down here.
What level of the Dungeon? (default 1, ? - help)
You feel sick.
You are no longer poisoned.
Things that are here:
a +0 plate armour; a +0 trident; a +0 hand axe You see here a +0 club.
There is a stone staircase leading up here.
You fly upwards.
Level annotation: 1 transporter, Poopy's ghost, novice FeSu
There is a stone staircase leading down here.
There is a stone staircase leading up here.
You fly upwards.
There is a stone staircase leading down here.
There is a stone staircase leading up here.
You fly upwards.
There is a stone staircase leading down here.
There is an open door here.
You reach down and open the door.
There is an open door here.
A balrug and 4 sun demons come into view.
There is a stone staircase leading up here.
Unknown command.
The sun demon shouts! x3
You fly upwards.
There is a stone staircase leading down here.
HP restored.
There is a stone staircase leading up here.
You fly upwards.
There is a stone staircase leading down here.
There is a stone staircase leading up here.
You fly upwards.
There is a stone staircase leading down here.
Items here: ( ))).
There is a stone staircase leading up here.
You fly upwards.
There is a stone staircase leading down here.
Things that are here:
a +0 dagger; an adder skeleton; a goblin skeleton A neqoxec comes into view.
The neqoxec shouts!
Unknown command.
There is a stone staircase leading up here.
You fly upwards.
There is a stone staircase leading down here.
There is an open door here.
You reach down and open the door.
There is an open door here.
You see here a +0 club.
There is an open door here.
An efreet comes into view.
It is wielding a +4 scimitar of flaming.
Unknown command.
Unknown command.
You reach down and open the door.
The efreet gestures at you.
The fireball explodes!
The fireball engulfs you. You resist.
There is an open door here.
A bat comes into view.
The bat moves out of view.
The bat closely misses you. The bat hits you but does no damage.
The efreet gestures at you.
The fireball explodes!
The fireball engulfs you. You resist. The bat completely misses you.
The bat misses you. The bat misses you. x2
The bat attacks as it pursues you! The bat hits you but does no damage.
The bat barely misses you. The efreet gestures at you.
The bolt of fire hits you. You resist. The bat completely misses you.
The bat hits you but does no damage.
There is an open gate here.
The bat misses you. The bat attacks as it pursues you!
The bat completely misses you. The bat misses you.
The bat hits you but does no damage. The bat barely misses you.
The bat misses you. The bat misses you. The bat attacks as it pursues you!
The bat misses you. The bat hits you but does no damage.
The bat barely misses you.
There is a staircase leading out of the dungeon here.
Enter note: gg The bat misses you.
You have escaped!

♣♣♣ ♣♣♣.♣♣♣♣♣ ♣♣♣.......♣♣♣
*♣♣♣♣..8.D.8....♣♣ ##
......b.........♣♣ .#
**.................♣♣ .##
.....8...8.......♣ # ..##
###.........#####♣ ## ...#
##..R....## #. ..## #####8°..8##*
* ###### .#########...##°''##. #.
........
...........^##○...##.##.##.######


You could see an efreet and a bat.

Vanquished Creatures
  the Royal Jelly (Arena)
  Mara (Arena)
  An ancient lich (Vaults:5)
  3 juggernauts
  Vv (Zot:2)
  2 curse toes (Zot:3)
  Bai Suzhen (D:15)
  A caustic shrike (Depths:3)
  4 golden dragons
  A profane servitor (D:10)
  Nikola (Shoals:4)
  A bone dragon (Abyss:1)
  Arachne (Spider:4)
  4 tentacled monstrosities
  3 walking crystal tomes
  Mlioglotl (Shoals:1)
  9 Orb Guardians
  A walking earthen tome (Depths:3)
  A lich (Zot:3)
  7 titans
  2 sphinxes
  4 deep elf blademasters
  2 deep elf master archers (Elf:3)
  15 acid blobs
  A kraken (Shoals:1)
  3 death cobs
  4 quicksilver dragons
  An Executioner (Zot:1)
  Polyphemus (Shoals:1)
  8 shadow dragons
  Kirke (Shoals:3)
  5 tengu reavers
  9 storm dragons
  Roxanne (D:15)
  5 draconian monks
  3 azure jellies
  4 rockslimes
  7 fire giants
  An emperor scorpion (Spider:1)
  7 vault wardens
  5 frost giants
  5 deep elf elementalists (Elf:3)
  9 deep elf sorcerers
  4 iron dragons
  7 ghost moths
  3 draconian shifters (Zot:3)
  4 draconian scorchers
  9 ironbound preservers
  A draconian annihilator (Zot:3)
  A reaper (Depths:2)
  2 draconian stormcallers (Zot:3)
  A spriggan defender (Depths:2)
  5 war gargoyles
  An orc warlord (Arena)
  4 quicksilver oozes
  An ironbound thunderhulk (Vaults:5)
  10 stone giants
  3 formless jellyfish
  12 very ugly things
  7 green draconians
  6 deep elf demonologists
  3 vampire knights
  7 black draconians
  4 purple draconians
  4 deep elf annihilators
  6 spark wasps
  Azrael (D:15)
  5 red draconians
  A minotaur (Gauntlet)
  5 white draconians
  The ghost of senseless the Fighter, a journeyman MiFi of Zin (D:13)
  5 yellow draconians
  4 merfolk javelineers
  A crystal guardian (Abyss:1)
  Snorg (D:12)
  4 entropy weavers
  11 deep elf death magi
  13 ettins
  6 jiangshi
  10 yaktaur captains
  7 merfolk impalers
  Josephine (D:12)
  5 fire dragons
  11 deep elf high priests
  2 great orbs of eyes
  Fannar (D:10)
  32 vault guards
  4 ice dragons
  2 jorogumos (Spider:4)
  A spriggan air mage (Depths:3)
  2 merfolk avatars
  A rakshasa (Depths:1)
  3 alligator snapping turtles (Shoals:4)
  A peacekeeper (Vaults:3)
  9 two-headed ogres
  A death knight (D:15)
  2 ogre magi (Vaults:5)
  2 ironbound frosthearts (Vaults:2)
  2 catoblepae
  6 merfolk aquamancers
  4 centaur warriors
  7 satyrs
  4 dancing weapons (Elf:3)
  3 deep troll shamans
  2 death yaks
  3 orc high priests (Orc:2)
  2 deep troll earth magi (Depths:1)
  6 tengu warriors
  4 demonic crawlers
  2 vampire magi
  4 spriggan berserkers
  11 hell knights
  3 soul eaters
  Sonja (D:11)
  A wretched star (Abyss:1)
  A fire crab (shapeshifter) (Depths:3)
  5 deep elf knights (Elf:3)
  2 sixfirhies (Gauntlet)
  A sun moth (Spider:4)
  4 pharaoh ants
  6 skeletal warriors
  Lodul (D:10)
  4 iron trolls
  A spark wasp zombie (D:15)
  8 sea snakes
  2 death drakes
  3 skysharks
  6 orb spiders
  5 flayed ghosts
  An arcanist (Vaults:2)
  A bog body (IceCv)
  19 deep trolls
  An orange crystal statue (Vaults:2)
  6 deep elf archers
  6 ironbound convokers
  3 phantasmal warriors
  7 orc knights
  3 lindwurms (Vaults:1)
  9 deep elf pyromancers
  4 necromancers
  5 harpies
  3 oklob plants (Lair:1)
  A steelbarb worm (Spider:2)
  6 deep elf zephyrmancers
  7 ugly things
  21 wolf spiders
  24 fauns
  A black mamba (shapeshifter) (Vaults:5)
  Maurice (D:10)
  3 large abominations (Abyss:1)
  8 moths of wrath
  5 cyclopes
  6 merfolk sirens
  12 manticores
  2 rust devils
  3 black mambas
  6 vault sentinels
  2 ice statues (IceCv)
  5 torpor snails
  5 cane toads
  A smoke demon (Depths:2)
  12 komodo dragons
  3 eyes of devastation
  2 efreet
  A kobold blastminer (Orc:2)
  An unseen horror (D:10)
  2 kobold demonologists
  A tormentor (Depths:2)
  2 freezing wraiths (Vaults:5)
  5 ice devils
  7 yaktaurs
  3 rime drakes
  2 tengu conjurers (D:13)
  A troll (shapeshifter) (Vaults:5)
  A meliai (shapeshifter) (D:11)
  4 hornets
  7 wind drakes
  24 merfolk
  10 tarantellas
  4 trolls
  3 glass eyes
  A raiju (Abyss:1)
  4 dream sheep (Shoals:1)
  7 blink frogs (Lair:4)
  7 snapping turtles
  2 air elementals (Elf:3)
  16 jumping spiders
  2 centaur simulacra (D:14)
  10 culicivoras
  80 slime creatures
  3 spriggans
  11 water elementals
  A yak (shapeshifter) (Vaults:5)
  Sigmund (D:2)
  A spriggan skeleton (D:15)
  23 yaks
  13 wraiths
  3 fire elementals (D:15)
  A hog (Shoals:4)
  A wyvern (D:10)
  A vampire (D:11)
  7 golden eyes
  4 basilisks
  A hog (shapeshifter) (Depths:3)
  3 humans (Shoals:4)
  A vampire mosquito (D:14)
  22 redbacks
  4 wargs
  2 acid dragons (D:10)
  3 hell hounds
  4 small abominations (Abyss:1)
  Duvessa (D:5)
  5 water moccasins
  3 black bears
  An ice beast (D:6)
  47 orc warriors
  4 boggarts (D:15)
  24 ogres
  18 wolves
  7 centaurs
  9 bullfrogs
  6 kobold brigands
  2 scorpions (D:4)
  2 gnoll sergeants
  A two-headed ogre simulacrum (IceCv)
  Dowan (D:5)
  10 killer bees
  A howler monkey (shapeshifter) (D:15)
  A gnoll bouda (D:5)
  3 hounds
  24 orc priests
  A jelly (D:6)
  2 sleepcaps
  2 iguanas
  Ijyb (D:3)
  23 orc wizards
  4 hell rats (Lair:3)
  A polar bear simulacrum (IceCv)
  A wolf simulacrum (IceCv)
  Robin (D:3)
  14 gnolls
  7 adders
  3 shadow imps
  19 white imps
  3 ufetubi
  4 worms
  99 orcs
  A ball python (shapeshifter) (Depths:3)
  2 bats (D:1)
  3 endoplasms
  A giant cockroach (D:3)
  16 goblins
  A hobgoblin (shapeshifter) (Vaults:5)
  10 hobgoblins
  35 kobolds
  7 quokkas
  9 ball pythons
  10 rats
  5 tentacles (Shoals:1)
1498 creatures vanquished.

Vanquished Creatures (others)
  A ghost moth (Zot:5)
  A cyclops (Shoals:4)
  A water elemental (Shoals:1)
  An orc warrior (Vaults:5)
  An electric eel (Elf:3)
  An orc wizard (Orc:2)
  An orc (Vaults:5)
  A lurking horror (Abyss:1)
  2 tentacles (Shoals:1)
10 creatures vanquished.

Grand Total: 1508 creatures vanquished

Notes
Turn   | Place    | Note
-------+----------+-------------------------------------------
     0 | D:1      | Flugkiller the Meteoran Shapeshifter began the quest for
                  | the Orb.
     0 | D:1      | Reached XP level 1. HP: 16/16 MP: 2/2
   135 | D:1      | Reached XP level 2. HP: 23/23 MP: 3/3
   245 | D:1      | Reached XP level 3. HP: 23/28 MP: 4/4
   718 | D:2      | Noticed Sigmund
   740 | D:2      | Killed Sigmund
   741 | D:2      | Reached skill level 5 in Shapeshifting
   741 | D:2      | Reached XP level 4. HP: 11/38 MP: 5/5
   741 | D:2      | Reached XP level 5. HP: 13/45 MP: 6/6
   741 | D:2      | Reached XP level 6. HP: 15/51 MP: 7/7
   944 | D:3      | Reached skill level 5 in Unarmed Combat
   959 | D:3      | Noticed Robin
  1086 | D:3      | Killed Robin
  1147 | D:3      | Noticed Ijyb
  1285 | D:3      | Reached XP level 7. HP: 57/57 MP: 8/8
  1379 | D:3      | Killed Ijyb
  1625 | D:4      | Reached skill level 5 in Fighting
  1625 | D:4      | Reached XP level 8. HP: 36/68 MP: 9/9
  1630 | D:4      | Found Decvaz's Distillery.
  1693 | D:4      | Found Wuwer's Antique Armour Emporium.
  1723 | D:4      | Bought a potion of heal wounds for 55 gold pieces
  1747 | D:5      | Entered Level 5 of the Dungeon
  2076 | D:5      | Noticed Duvessa
  2076 | D:5      | Noticed Dowan
  2082 | D:5      | Killed Duvessa
  2088 | D:5      | Killed Dowan
  2218 | D:6      | You fall into a shaft and drop 3 floors!
  2232 | D:8      | Gained mutation: You passively map the area around you.
                  | [Meteoran growth]
  2232 | D:8      | Reached XP level 9. HP: 61/74 MP: 10/10
  2253 | D:8      | Found an ornate altar of the Wu Jian Council.
  2268 | D:8      | Noticed a moth of wrath
  2271 | D:8      | Noticed Poopy's ghost (novice FeSu)
  2290 | D:8      | Reached skill level 10 in Shapeshifting
  2296 | D:8      | Reached skill level 5 in Dodging
  2427 | D:6      | Noticed a two-headed ogre
  2463 | D:7      | Found a bloodstained altar of Trog.
  2573 | D:6      | Found a staircase to the Ecumenical Temple.
  2582 | Temple   | Entered the Ecumenical Temple
  2587 | Temple   | Became a worshipper of Warmaster Okawaru
  2741 | D:6      | Killed a two-headed ogre
  2741 | D:6      | Reached * piety under Okawaru
  2741 | D:6      | Reached ** piety under Okawaru
  2742 | D:6      | Reached XP level 10. HP: 43/83 MP: 11/11
  3406 | D:8      | Found a transporter.
  3415 | D:8      | Found a bloodstained altar of Trog.
  3494 | D:9      | Noticed a two-headed ogre
  3501 | D:9      | Killed a two-headed ogre
  3501 | D:9      | Reached *** piety under Okawaru
  3512 | D:9      | Reached skill level 2 in Invocations
  3517 | D:9      | Reached skill level 3 in Invocations
  3539 | D:9      | Found a staircase to the Lair.
  3579 | D:9      | Reached skill level 4 in Invocations
  3586 | D:9      | Reached **** piety under Okawaru
  3587 | D:9      | Reached XP level 11. HP: 91/91 MP: 15/15
  3593 | D:9      | Reached skill level 5 in Invocations
  3623 | D:9      | Reached skill level 6 in Invocations
  3710 | D:9      | Found a staircase to the Orcish Mines.
  3815 | D:9      | Reached skill level 7 in Invocations
  3819 | D:9      | Reached ***** piety under Okawaru
  3824 | D:9      | Reached skill level 8 in Invocations
  3859 | D:9      | Found a stormy altar of Qazlal.
  3869 | D:9      | Found a shadowy altar of Dithmenos.
  3874 | D:9      | Found a sacrificial altar of Ru.
  3879 | D:9      | Found a glowing silver altar of Zin.
  3884 | D:9      | Found a blossoming altar of Fedhas.
  3889 | D:9      | Found a sparkling altar of Nemelex Xobeh.
  3894 | D:9      | Found a burning altar of Makhleb.
  3911 | D:10     | Entered Level 10 of the Dungeon
  4004 | D:10     | Received a gift from Okawaru
  4112 | D:10     | Noticed Lodul
  4150 | D:10     | Killed Lodul
  4309 | D:10     | Noticed Maurice
  4313 | D:10     | Maurice stole 3 boomerangs
  4315 | D:10     | Killed Maurice
  4316 | D:10     | Reached skill level 9 in Invocations
  4337 | D:10     | Found an ancient bone altar of Kikubaaqudgha.
  4363 | D:10     | Noticed Fannar
  4422 | D:10     | Noticed a centaur warrior
  4426 | D:10     | Noticed a skeletal warrior
  4429 | D:10     | Killed a centaur warrior
  4430 | D:10     | Reached XP level 12. HP: 36/101 MP: 11/19
  4430 | Arena    | Entered the Arena
  4439 | Arena    | Killed a skeletal warrior
  4499 | D:10     | Received a gift from Okawaru
  4513 | D:10     | Killed Fannar
  4553 | D:10     | Noticed a two-headed ogre
  4559 | Arena    | Entered the Arena
  4565 | Arena    | Killed a two-headed ogre
  4572 | D:10     | Noticed a two-headed ogre
  4585 | D:10     | Killed a two-headed ogre
  4586 | D:10     | Reached skill level 10 in Invocations
  4669 | D:11     | Noticed a two-headed ogre
  4677 | D:11     | Killed a two-headed ogre
  4951 | D:11     | Noticed Sonja
  4954 | D:11     | Killed Sonja
  4955 | D:11     | Reached skill level 10 in Unarmed Combat
  5171 | D:12     | Noticed Josephine
  5174 | D:12     | Reached XP level 13. HP: 98/109 MP: 21/21
  5188 | D:12     | Killed Josephine
  5188 | D:12     | Received a gift from Okawaru
  5301 | D:12     | Noticed Frances
  5355 | D:12     | Noticed Snorg
  5360 | D:12     | Killed Snorg
  5361 | D:12     | Reached skill level 10 in Fighting
  5402 | D:13     | Reached skill level 10 in Dodging
  5451 | D:13     | Noticed a two-headed ogre
  5470 | D:13     | Killed a two-headed ogre
  5470 | D:13     | Received a gift from Okawaru
  5482 | D:13     | Noticed a centaur warrior
  5489 | D:13     | Killed a centaur warrior
  5538 | D:13     | Noticed a centaur warrior
  5547 | D:13     | Killed a centaur warrior
  5642 | D:13     | Found a runed translucent door.
  5643 | D:13     | Noticed senseless's ghost (journeyman MiFi)
  5807 | D:14     | Received a gift from Okawaru
  5810 | D:14     | Found a gate leading to a gauntlet.
  5826 | Gauntlet | Entered a Gauntlet
  5826 | Gauntlet | Noticed a death scarab
  5826 | Gauntlet | Found a transporter.
  5826 | Gauntlet | Found a transporter.
  5829 | Gauntlet | Found a transporter.
  5829 | Gauntlet | Found a transporter.
  5832 | Gauntlet | Found a transporter.
  5871 | Gauntlet | Found a transporter.
  5873 | Gauntlet | Found a transporter.
  5873 | Gauntlet | Found a transporter.
  5880 | Gauntlet | Found a runed translucent door.
  5881 | Gauntlet | Found a runed translucent door.
  5884 | Gauntlet | Found a transporter.
  5897 | Gauntlet | Found a transporter.
  5910 | Gauntlet | Found a transporter.
  5927 | Gauntlet | Found a transporter.
  5944 | Gauntlet | Found a transporter.
  5944 | Gauntlet | Found the amulet of Vitality {RegenMP++ Regen++}
  5959 | Gauntlet | Found a transporter.
  6055 | Gauntlet | Reached XP level 14. HP: 124/124 MP: 22/22
  6057 | Gauntlet | Identified the ring "Naotypte" {Ice rCorr Str+5}
  6061 | Gauntlet | Got Lurionir's Secrets of Coruscating Ceraunoscopy
  6074 | Gauntlet | Found the ring of the Tortoise {AC+8}
  6074 | Gauntlet | Noticed a minotaur
  6079 | Gauntlet | Killed a minotaur
  6230 | D:14     | Found a gate to the Vaults.
  6388 | D:15     | Entered Level 15 of the Dungeon
  6391 | D:15     | Noticed Azrael
  6430 | D:15     | Killed Azrael
  6525 | D:14     | Reached skill level 15 in Shapeshifting
  6560 | D:15     | Received a gift from Okawaru
  6600 | D:15     | Noticed Roxanne
  6600 | D:15     | Found a shimmering altar of Xom.
  6621 | D:15     | Killed Roxanne
  6677 | Arena    | Entered the Arena
  6713 | D:15     | Found a staircase to the Depths.
  6841 | D:13     | Killed senseless's ghost
  6842 | D:13     | Reached XP level 15. HP: 132/132 MP: 23/23
  6970 | Orc:1    | Entered Level 1 of the Orcish Mines
  7003 | Orc:1    | Found a frozen archway.
  7031 | IceCv    | Entered an ice cave
  7284 | Orc:1    | Found Iguim's Gadget Gallery.
  7419 | Orc:2    | Entered Level 2 of the Orcish Mines
  7555 | Orc:2    | Found Ezxat's Armour Boutique.
  7565 | Orc:2    | Found Ceis's General Store.
  7701 | Orc:2    | Noticed an orc warlord
  7707 | Arena    | Entered the Arena
  7710 | Arena    | Killed an orc warlord
  7747 | Orc:2    | Found Lunoshrup's Magic Scroll Boutique.
  7765 | Orc:2    | Bought a scroll of blinking for 112 gold pieces
  7765 | Orc:2    | Bought a scroll of blinking for 112 gold pieces
  7827 | Orc:2    | Found Kiluoc's Jewellery Shoppe.
  7853 | Orc:2    | Bought the ring of Noon {rF+ Will+ Int+3} for 614 gold
                  | pieces
  7974 | Orc:1    | Bought a phial of floods for 720 gold pieces
  8027 | Lair:1   | Entered Level 1 of the Lair of Beasts
  8053 | Lair:1   | Received a gift from Okawaru
  8232 | Lair:1   | Identified the +4 buckler of the Mind {rF+}
  8506 | Lair:3   | Found a hole to the Spider Nest.
  8540 | Spider:1 | Entered Level 1 of the Spider Nest
  8540 | Spider:1 | Noticed an emperor scorpion
  8545 | Spider:1 | Killed an emperor scorpion
  8571 | Spider:1 | Identified the +2 scale mail of Qydoghor {Stlth+}
  8586 | Spider:1 | Received a gift from Okawaru
  8587 | Spider:1 | Reached XP level 16. HP: 144/144 MP: 24/24
  8651 | Spider:2 | Reached skill level 5 in Shields
  8722 | Spider:1 | Received a gift from Okawaru
  8875 | Spider:4 | Entered Level 4 of the Spider Nest
  9157 | Spider:4 | Received a gift from Okawaru
  9205 | Spider:4 | Killed a ghost moth
  9231 | Spider:4 | Reached ****** piety under Okawaru
  9270 | Spider:4 | Noticed Arachne
  9286 | Spider:4 | Killed a ghost moth
  9286 | Spider:4 | Received a gift from Okawaru
  9288 | Spider:4 | Reached XP level 17. HP: 152/152 MP: 0/25
  9290 | Spider:4 | Killed Arachne
  9316 | Arena    | Entered the Arena
  9534 | Spider:4 | Got a gossamer rune of Zot
  9741 | Spider:1 | Received a gift from Okawaru
  9825 | Lair:3   | Reached skill level 15 in Unarmed Combat
  9897 | Lair:3   | Found a staircase to the Shoals.
  9954 | Shoals:1 | Entered Level 1 of the Shoals
  9983 | Lair:3   | Found a blossoming altar of Fedhas.
 10040 | Shoals:1 | Found Acsanara's Weapon Emporium.
 10067 | Shoals:1 | Noticed Mlioglotl
 10072 | Shoals:1 | Killed Mlioglotl
 10117 | Shoals:1 | Reached skill level 15 in Dodging
 10136 | Shoals:1 | Reached skill level 15 in Fighting
 10174 | Shoals:1 | Received a gift from Okawaru
 10204 | Shoals:2 | Noticed Polyphemus
 10227 | Shoals:1 | Killed Polyphemus
 10259 | Shoals:2 | Gained mutation: You passively map a large area around you.
                  | [Meteoran growth]
 10259 | Shoals:2 | Reached XP level 18. HP: 163/163 MP: 26/26
 10298 | Shoals:1 | Reached skill level 1 in Evocations
 10303 | Shoals:1 | Noticed a kraken
 10322 | Shoals:1 | Killed a kraken
 10322 | Shoals:1 | Received a gift from Okawaru
 10331 | Shoals:1 | Identified a scroll of acquirement
 10332 | Shoals:1 | Acquired the ring of Yfiuseo {rPois AC+4 Str+6 Int+2
                  | Stlth-}
 10557 | Shoals:3 | Got the Codex of the Fetid Voyage
 10600 | Shoals:3 | Learned a level 1 spell: Apportation
 10635 | Shoals:3 | Reached skill level 1 in Spellcasting
 10635 | Shoals:3 | Reached skill level 1 in Translocations
 10637 | Shoals:3 | Received a gift from Okawaru
 10650 | Shoals:4 | Entered Level 4 of the Shoals
 10694 | Shoals:4 | Noticed Mara
 10700 | Arena    | Entered the Arena
 10704 | Arena    | Killed Mara
 10705 | Arena    | Reached skill level 5 in Evocations
 10745 | Shoals:4 | Noticed Kirke
 10818 | Shoals:3 | Killed Kirke
 10910 | Shoals:4 | Received a gift from Okawaru
 10911 | Shoals:4 | Reached XP level 19. HP: 153/172 MP: 27/27
 10967 | Shoals:4 | Got a barnacled rune of Zot
 11024 | Shoals:4 | Noticed Nikola
 11038 | Shoals:4 | Killed Nikola
 11100 | Shoals:4 | Reached skill level 5 in Translocations
 11161 | Shoals:4 | Received a gift from Okawaru
 11465 | Lair:4   | Reached XP level 20. HP: 181/181 MP: 28/28
 11517 | Lair:5   | Entered Level 5 of the Lair of Beasts
 11547 | Lair:5   | Found a staircase to the Slime Pits.
 11565 | Slime:1  | Entered Level 1 of the Pits of Slime
 11677 | Slime:3  | Received a gift from Okawaru
 11721 | Slime:4  | Reached skill level 10 in Throwing
 11730 | Slime:5  | Entered Level 5 of the Pits of Slime
 11834 | Slime:5  | Received a gift from Okawaru
 11843 | Arena    | Entered the Arena
 11846 | Arena    | Reached skill level 11 in Invocations
 11882 | Slime:5  | Noticed the Royal Jelly
 11887 | Slime:5  | Found a viscous altar of Jiyva.
 11905 | Arena    | Entered the Arena
 11920 | Arena    | Killed the Royal Jelly
 11921 | Arena    | Reached skill level 12 in Invocations
 11921 | Arena    | Reached XP level 21. HP: 30/188 MP: 29/31
 11926 | Slime:5  | Received a gift from Okawaru
 11932 | Arena    | Entered the Arena
 11983 | Slime:5  | Got a slimy rune of Zot
 12105 | Slime:5  | Reached skill level 13 in Invocations
 12198 | Slime:5  | Reached skill level 14 in Invocations
 12915 | Orc:2    | Found a staircase to the Elven Halls.
 12930 | Elf:1    | Entered Level 1 of the Elven Halls
 12991 | Elf:1    | Reached skill level 15 in Invocations
 13027 | Elf:3    | Entered Level 3 of the Elven Halls
 13075 | Elf:3    | Received a gift from Okawaru
 13258 | Elf:3    | Noticed a Tzitzimitl
 13262 | Arena    | Entered the Arena
 13465 | Elf:3    | Reached skill level 16 in Invocations
 13607 | Elf:3    | Reached skill level 17 in Invocations
 13623 | Elf:3    | Identified the ring "Eborgh" {rPois rCorr}
 13625 | Elf:3    | Identified the +10 quarterstaff "Vaerghus" {spect, rElec}
 13633 | Elf:3    | Identified the +3 hand axe "Xetusch" {drain, rF+ rC++}
 13635 | Elf:3    | Reached skill level 18 in Invocations
 13664 | Elf:3    | Reached XP level 22. HP: 146/195 MP: 36/36
 13730 | Elf:3    | Reached skill level 19 in Invocations
 13745 | Elf:3    | Identified the +1 spear of Bread {speed, rF+}
 13780 | Elf:3    | Identified the staff of the Ageless Portals {rC+ Dex+4 Ice}
 13805 | Elf:3    | Identified the +1 cloak of Summer {Str+3 Int+4}
 13873 | Elf:3    | Identified the +7 sling of Ashenzari's Generosity
                  | {antimagic, rF+ Str+3}
 14328 | Depths:1 | Entered Level 1 of the Depths
 14346 | D:15     | Received a gift from Okawaru
 14366 | Depths:1 | Noticed Bai Suzhen
 14402 | D:15     | Killed Bai Suzhen
 14403 | D:15     | Reached skill level 20 in Invocations
 14498 | Vaults:1 | Entered Level 1 of the Vaults
 14685 | Vaults:2 | Reached skill level 21 in Invocations
 14748 | Vaults:2 | Found a gateway to a bazaar.
 14753 | Bazaar   | Entered a bazaar
 14753 | Bazaar   | Found Heaprisa's Antique Armour Boutique.
 14753 | Bazaar   | Found Beosif's General Store.
 14774 | Bazaar   | Found Efucoy's Distillery.
 14782 | Bazaar   | Found Boybrian's Antique Weapon Shop.
 14791 | Bazaar   | Found Pueptexo's Book Emporium.
 14822 | Bazaar   | Bought a scroll of blinking for 112 gold pieces
 14822 | Bazaar   | Bought a scroll of blinking for 112 gold pieces
 14844 | Bazaar   | Bought a potion of might for 40 gold pieces
 14844 | Bazaar   | Bought a potion of resistance for 100 gold pieces
 14844 | Bazaar   | Bought a potion of ambrosia for 80 gold pieces
 14844 | Bazaar   | Bought a potion of ambrosia for 80 gold pieces
 14886 | Vaults:2 | Received a gift from Okawaru
 14938 | Vaults:2 | Learned a level 2 spell: Lesser Beckoning
 14941 | Vaults:2 | Learned a level 2 spell: Wereblood
 15053 | Vaults:3 | Reached skill level 1 in Transmutations
 15108 | Vaults:5 | Entered Level 5 of the Vaults
 15128 | Vaults:5 | Identified the staff "Mog Bife" {rElec rF+ Will- Dex+4 SInv
                  | Fire}
 15175 | Vaults:5 | Reached skill level 22 in Invocations
 15191 | Vaults:5 | Received a gift from Okawaru
 15240 | Vaults:5 | Reached skill level 5 in Transmutations
 15268 | Vaults:5 | Reached XP level 23. HP: 202/202 MP: 39/39
 15316 | Vaults:5 | Reached skill level 23 in Invocations
 15348 | Vaults:5 | Found Noluxok's Magic Scroll Emporium.
 15354 | Vaults:5 | Bought a scroll of fog for 84 gold pieces
 15354 | Vaults:5 | Bought a scroll of summoning for 199 gold pieces
 15371 | Vaults:5 | Got a silver rune of Zot
 15384 | Vaults:5 | Found Yseci's Distillery.
 15392 | Vaults:5 | Bought a potion of haste for 220 gold pieces
 15392 | Vaults:5 | Bought a potion of heal wounds for 110 gold pieces
 15392 | Vaults:5 | Bought a potion of might for 88 gold pieces
 15394 | Vaults:5 | Bought a potion of curing for 66 gold pieces
 15394 | Vaults:5 | Bought a potion of curing for 66 gold pieces
 15394 | Vaults:5 | Bought a potion of curing for 66 gold pieces
 15394 | Vaults:5 | Bought a potion of curing for 66 gold pieces
 15401 | Vaults:5 | Found Suank's Distillery.
 15414 | Vaults:5 | Bought a potion of haste for 130 gold pieces
 15414 | Vaults:5 | Bought a potion of might for 52 gold pieces
 15414 | Vaults:5 | Bought a potion of might for 52 gold pieces
 15459 | Vaults:5 | Found Sesapt's Distillery.
 15466 | Vaults:5 | Bought a potion of cancellation for 192 gold pieces
 15486 | Vaults:5 | Reached skill level 24 in Invocations
 15524 | Vaults:5 | Identified the +12 rapier of the Heavens {flame, Int+3}
 15543 | Arena    | Entered the Arena
 15631 | Vaults:5 | Bought a potion of cancellation for 192 gold pieces
 15643 | Vaults:5 | Received a gift from Okawaru
 15679 | Vaults:5 | Reached skill level 25 in Invocations
 15785 | Vaults:5 | Identified the +1 cloak "Jelicum" {Dex+4}
 15856 | Vaults:5 | Identified the ring of the Sufficient God {rPois Will+
                  | rCorr Slay-3 SInv}
 15916 | Vaults:5 | Noticed an ancient lich
 15916 | Arena    | Entered the Arena
 15930 | Vaults:5 | Killed an ancient lich
 15931 | Vaults:5 | Reached skill level 26 in Invocations
 15931 | Vaults:5 | Reached XP level 24. HP: 210/210 MP: 40/41
 15932 | Vaults:5 | Received a gift from Okawaru
 15959 | Vaults:5 | Identified the +4 scimitar of Wiroryukics {flame, *Noise
                  | rF+ rC+ MP+9}
 16009 | Vaults:5 | Identified the +0 helmet of the Endless Expanse {Harm}
 16010 | Vaults:5 | Identified the +0 chain mail of an ossuary {rElec rF- rCorr
                  | Dex-2}
 16060 | Vaults:5 | Noticed a golden dragon
 16071 | Vaults:5 | Killed a golden dragon
 16322 | Vaults:5 | Found Boibb's Jewellery Shoppe.
 16531 | Depths:1 | Reached skill level 27 in Invocations
 16570 | Depths:1 | Found Areisuqa's Neck Hole.
 16687 | Depths:2 | Found a gateway to Hell.
 16697 | Depths:2 | Received a gift from Okawaru
 16714 | Depths:2 | Found Kiplam's Antique Armour Shop.
 16716 | Depths:2 | Found Imnauf Esih's Jewellery Boutique.
 16718 | Depths:2 | Found Luliyrgharph's Jewellery Shop.
 16793 | Depths:3 | Found a one-way gateway to a ziggurat.
 16837 | Depths:2 | Found a one-way gate leading to the halls of Pandemonium.
 16935 | Depths:2 | Identified the ring "Yleofuti" {rN+ Str+6 Int+2 Dex+2}
 16946 | Depths:2 | Identified the ring "Immuss" {Fly rF+}
 16948 | Depths:2 | Identified the amulet "Wievett" {rF+ Regen+}
 16980 | Depths:2 | Identified the ring "Ufuus" {rC+ rCorr Dex+3}
 17109 | Depths:2 | Found a one-way gate to the infinite horrors of the Abyss.
 17120 | Depths:2 | Voluntarily entered the Abyss.
 17120 | Abyss:1  | Found a corrupted altar of Lugonu.
 17122 | Abyss:1  | Fell from the grace of Okawaru
 17122 | Abyss:1  | Became a worshipper of Lugonu the Unformed
 17122 | Abyss:1  | Reached * piety under Lugonu
 17122 | Abyss:1  | Reached ** piety under Lugonu
 17138 | Abyss:1  | Found a corrupted altar of Lugonu.
 17258 | Abyss:1  | Reached skill level 10 in Shields
 17276 | Depths:2 | Escaped the Abyss
 17410 | Depths:3 | Noticed a juggernaut
 17448 | Depths:2 | Killed a juggernaut
 17493 | Depths:3 | Noticed a golden dragon
 17502 | Depths:3 | Noticed a juggernaut
 17509 | Depths:3 | Killed a golden dragon
 17513 | Depths:3 | Killed a juggernaut
 17514 | Depths:3 | Reached XP level 25. HP: 218/218 MP: 41/41
 17518 | Depths:3 | Noticed a caustic shrike
 17518 | Depths:3 | Noticed a golden dragon
 17518 | Depths:3 | Noticed a golden dragon
 17531 | Depths:3 | Killed a caustic shrike
 17537 | Depths:3 | Killed a golden dragon
 17564 | Depths:3 | Killed a golden dragon
 17567 | Depths:3 | Reached *** piety under Lugonu
 17779 | Depths:4 | Entered Level 4 of the Depths
 17800 | Depths:4 | Noticed a juggernaut
 17812 | Depths:4 | Killed a juggernaut
 17818 | Depths:4 | Reached skill level 15 in Shields
 17830 | Depths:4 | Found Rufryeg's Antique Armour Shop.
 17830 | Depths:4 | Found Goamar's Assorted Antiques.
 17833 | Depths:4 | Found Ecirytuw's Antique Weapon Shop.
 17834 | Depths:4 | Found Aferheru's Magic Scroll Boutique.
 17842 | Depths:4 | Bought a scroll of blinking for 82 gold pieces
 17896 | Depths:4 | Found Zeloutubia's Magic Scroll Shoppe.
 17916 | Depths:4 | Bought a scroll of silence for 218 gold pieces
 17929 | Depths:4 | Found a gate to the Realm of Zot.
 17967 | Zot:1    | Entered Level 1 of the Realm of Zot
 18040 | Zot:2    | Noticed Vv
 18056 | Zot:2    | Killed Vv
 18073 | Zot:3    | Noticed a dread lich
 18243 | Zot:3    | Reached XP level 26. HP: 229/229 MP: 15/41
 18281 | Zot:3    | Found the +4 dragonskin cloak
 18281 | Zot:3    | Noticed Tiamat
 18286 | Zot:3    | Banished Tiamat
 18397 | Zot:5    | Entered Level 5 of the Realm of Zot
 18549 | Zot:3    | Noticed a curse toe
 18555 | Zot:3    | Killed a curse toe
 18616 | Zot:3    | Identified the +2 hand axe "Beastslayer" {flame, rElec rC+
                  | rCorr}
 18965 | Zot:5    | Noticed an orb of fire
 18965 | Zot:5    | Noticed a Killer Klown
 18965 | Zot:5    | Noticed an ancient lich
 18966 | Zot:5    | Noticed a dread lich
 18970 | Zot:5    | Got the Orb of Zot
 18972 | Zot:5    | Noticed a Killer Klown
 18973 | Zot:5    | Noticed a dread lich
 18973 | Zot:5    | Noticed a Killer Klown
 18973 | Zot:5    | Noticed a dread lich
 18973 | Zot:5    | Noticed a curse toe
 18975 | Zot:5    | Noticed an orb of fire
 18989 | Zot:5    | Noticed Ydiblaiz the pandemonium lord
 18989 | Zot:5    | Noticed an ancient lich
 19045 | Zot:3    | Noticed a curse toe
 19060 | Zot:3    | Killed a curse toe
 19263 | D:14     | Noticed Viusmig the pandemonium lord
 19612 | D:1      | gg
 19613 | D:$      | Escaped with the Orb!

Illustrated notes

♣♣♣ ♣♣♣.♣♣♣♣♣ ♣♣♣.......♣♣♣
*♣♣♣♣..8.D.8....♣♣ ##
........b.......♣♣ .#
**.................♣♣ .##
.....8...8.......♣ # ..##
###.........#####♣ ## ...#
##.......## #. ..## #####8R..8##*
* ###### .#########...##○''##. #.
........
...........^##○...##.##.##.######


Turn 19612 on D:1: gg

Levels and vault maps discovered:
D:1:      kennysheep_arrival_forest, layout_loops_corners
D:2:      layout_loops_corners, grunt_decor_fettered, uniq_sigmund
D:3:      layout_rooms, nrook_loot_triangle, glass_columns_a,
          kennysheep_generic_room_4, uniq_ijyb, uniq_robin
D:4:      layout_loops_cross, serial_shops, shop, shop,
          nicolae_shop_tiny_statue_garden
D:5:      layout_basic, uniq_duvessa
D:6:      layout_gridville, lemuel_temple_firewalk_a, serial_glass,
          glass_columns_a, glass_columns_b, glass_columns_b, glass_columns_c,
          serial_library_hellmonk_metal_room
D:7:      layout_loops_corners, mainiacjoe_overflow_24_doors
D:8:      layout_basic, amcnicky_altar_gilded, gammafunk_ghost_wrathful_warriors
D:9:      layout_cross, grunt_temple_overflow_octagram, lair_entry_dummy,
          david_orc_5
D:10:     kennysheep_windowed_halls, layout_loops_ring,
          kiku_gazebo_garden_becter, nicolae_hepliaklqana_monster_ancestors,
          minmay_orc_keep, uniq_lodul, uniq_maurice, uniq_fannar
D:11:     layout_loops_corners, serial_park_tiny_2, grunt_ministairs_2,
          uniq_sonja
D:12:     layout_rooms, nicolae_zig_zag_zippers, uniq_josephine, uniq_snorg,
          uniq_frances
D:13:     layout_rooms, gammafunk_ghost_grave
D:14:     layout_basic, lightli_vaults_fourway_checkpoint,
          chequers_serial_rivers_small_b, gauntlet_entry_generic,
          billiards_dpeg, uniq_jorgrun
D:15:     gammafunk_depths_entry_grave, layout_rooms, xom_teletrap_fun,
          uniq_roxanne, uniq_azrael
Temple:   minmay_freezing_vapour_temple
Lair:1:   layout_misc_corridors, basic_altar, ebering_ghost_xom,
          disabler_island, grunt_megastairs_3
Lair:2:   layout_roguey
Lair:3:   layout_loops_ring, nicolae_shoals_entry_roost,
          spider_nest_entry_rubble, tgw_fedhas
Lair:4:   layout_small_grid
Lair:5:   minmay_lair_end_enchanted_forest, layout_gridlike, slime_entry_1,
          minmay_lair_drake_nest, grunt_megastairs_1
Shoals:1: layout_shoals, serial_shops, shop, uniq_mlioglotl
Shoals:2: layout_shoals, uniq_polyphemus
Shoals:3: layout_shoals, nicolae_tricolors
Shoals:4: shoals_end_grunt_garden, layout_shoals,
          nicolae_shoals_the_drawing_of_the_three, uniq_kirke, uniq_nikola,
          uniq_mara
Spider:1: layout_spider_delve
Spider:2: spiders_nest_scorpion_pit
Spider:3: nicolae_spider_obnoxious_hallway, nicolae_spider_webbed_stairs
Spider:4: johnstein_spider_rune_arachne_lair, uniq_louise
Slime:1:  layout_caves
Slime:2:  layout_caves
Slime:3:  cheibrodos_slime_lost_civilization_10, layout_caves,
          nicolae_slime_barrier
Slime:4:  layout_caves, uniq_dissolution
Slime:5:  slime_pit_nicolae_inversion
Orc:1:    layout_diamond_mine, portal_ice_cave_entry_imps, nicolae_shop_gadgets
Orc:2:    pubby_orc_utopia, uniq_nessos
Elf:1:    eino_elf_arrival_customs, layout_onion_city, serial_shops, shop,
          hangedman_corner_corridor
Elf:2:    nicolae_elf_blades_splatter_lattice [nicolae_blade_lattice],
          layout_geoelf_grid, evilmike_spriggan_trog_shrine
Elf:3:    minmay_elf_hall_hex, layout_geoelf_castle,
          nicolae_shop_overcharged_wands
Vaults:1: nicolae_vaults_apartment_1, hangedman_vaults_locks,
          ontoclasm_vaults_twist, nicolae_vaults_closet_pinwheel_1,
          nicolae_vaults_storage_room_water, nicolae_vaults_display_case,
          vaults_dpeg_diagonal, hangedman_vaults_slice,
          nicolae_vaults_shelves_hall, v_misc_32, v_rooms_5,
          dpeg_vaults_monster_box, ontoclasm_vaults_fault,
          vaults_mumra_chevron_long, nicolae_vaults_double_plus_1,
          layout_vaults_maze, uniq_asterion
Vaults:2: serial_library_hellmonk_open_square,
          nicolae_vaults_security_offices_5, v_misc_5, dpeg_vaults_monster_row,
          layout_vaults_omnigrid, serial_shops, statue_bzr
Vaults:3: v_misc_18, blue_anna_dwarven_crypt, nicolae_vaults_two_Ls,
          nicolae_vaults_frosty_reception, hangedman_vaults_impose,
          vaults_room_semicircle, nicolae_vaults_rhombus_5,
          nicolae_vaults_variable_pillar_hall, ontoclasm_vaults_shuriken,
          ontoclasm_vaults_loading_screen, nicolae_vaults_offset_grid_hallway_4,
          v_misc_15, v_misc_27, nicolae_vaults_ring_of_whatevers,
          vaults_room_hallway, layout_vaults_omnicross, serial_shops, shop
Vaults:4: nicolae_vaults_little_squares_4, v_alt_pattern_1, v_rooms_2,
          nicolae_vaults_double_plus_2, ontoclasm_vaults_pinch,
          vaults_standard_mumra_enter_the_diamond, nicolae_vaults_house_3,
          nicolae_vaults_variable_pillar_hall, nicolae_vaults_mini_display_case,
          serial_ice_g, nicolae_vaults_variable_pillar_hall,
          nicolae_vaults_diamond_1, vaults_mumra_hexcomb, layout_vaults_big_room
Vaults:5: serial_shops
Depths:1: layout_twisted_cross, hell_entry, hangedman_abyss_or_decor_clamps,
          abyss_entry_flame_altar, nicolae_shop_sticking_my_neck_out,
          uniq_bai_suzhen
Depths:2: minmay_the_grid_triangle_9x9_recursive_2
          [minmay_the_grid_triangle_9x9_prize_special,
          minmay_the_grid_triangle_9x9_impossible_snake,
          minmay_the_grid_triangle_9x9_steps,
          minmay_the_grid_triangle_9x9_thin_v], layout_cave_shapes,
          rand_demon_pan_entry_9, hangedman_abyss_entry_splay,
          chequers_serial_rivers_room_a, hell_entry, minmay_stone_trees_small,
          minmay_shop_star, minmay_staircase_bubble
Depths:3: minmay_central_circle, layout_long_grid, enter_ziggurat_a,
          nicolae_elyvilon_peaceful_grove, abyss_entry, grunt_pan_entry_spiral,
          hell_entry, minmay_staircase_windowed_large
Depths:4: evilmike_zot_entry_argh, layout_gridville,
          chequers_serial_rivers_micro_a, serial_shops, nicolae_lakefront_shop,
          rand_demon_pan_entry_1, hell_entry, item_on_display_a,
          minmay_shoptagon
Zot:1:    layout_onion_interference
Zot:2:    layout_misc_corridors, uniq_vv
Zot:3:    hangedman_snap_crack_crunch, layout_onion, uniq_tiamat
Zot:4:    layout_gridlike, bh_zot_levy_curve, grunt_ministairs_13,
          uniq_josephina
Zot:5:    layout_cathedral_of_symmetry

Skill      XL: |  1  2  3  4  5  6  7  8  9 10 11 12 13 14 15 16 17 18 19 20 21 22 23 24 25 26 |
---------------+-------------------------------------------------------------------------------+-----
Shapeshifting  | 4 5 6 7 9 11 12 13 16 17 18 19 | 19.0
Unarmed Combat | 4 5 6 7 8 10 12 13 14 15 16 17 19 | 19.8
Fighting       | 3 5 6 7 9 11 12 13 14 15 16 17 19 | 19.1
Dodging        | 4 6 7 9 11 12 13 14 15 | 15.0
Invocations    | 4 9 10 12 18 22 26 27 | 27.0
Shields        | 3 7 12 15 | 15.0
Evocations     | 5 7 |  7.5
Spellcasting   | 4 |  4.0
Translocations | 4 5 |  5.0
Throwing       | 6 10 11 | 11.1
Transmutations | 5 |  5.0

Action                     |  1- 3 |  4- 6 |  7- 9 | 10-12 | 13-15 | 16-18 | 19-21 | 22-24 | 25-27 || total
---------------------------+-------+-------+-------+-------+-------+-------+-------+-------+-------++-------
  Melee: Unarmed           |    74 |   112 |   247 |   397 |   817 |   775 |   516 |   937 |   496 ||  4371
         Punch             |     1 |     2 |     3 |       |    13 |    18 |    15 |    31 |    68 ||   151
         Constrict         |       |       |     6 |    94 |   122 |    28 |       |       |       ||   250
         Tailslap          |       |       |       |       |       |    38 |    30 |    44 |    90 ||   202
         Bite              |       |       |       |       |       |    32 |    18 |    44 |    74 ||   168
  Throw: Boomerang         |       |       |       |       |       |     3 |    23 |       |       ||    26
         Javelin           |       |       |       |       |       |       |     7 |       |       ||     7
   Cast: Apportation       |       |       |       |       |       |     3 |     1 |       |       ||     4
         Lesser Beckoning  |       |       |       |       |       |       |       |     1 |       ||     1
 Invoke: Heroism           |       |       |       |     7 |    13 |     6 |     6 |     4 |       ||    36
         Finesse           |       |       |       |     2 |     4 |     1 |     2 |     2 |       ||    11
         Duel              |       |       |       |     2 |     2 |     2 |     4 |     2 |       ||    12
         Banish            |       |       |       |       |       |       |       |       |    20 ||    20
  Evoke: Wand              |       |       |     5 |     3 |     1 |     7 |     4 |     1 |     1 ||    22
         Phial of floods   |       |       |       |       |       |       |     1 |       |       ||     1
         Tin of tremorston |       |       |       |       |       |       |     4 |       |       ||     4
    Use: Scroll            |       |     9 |     5 |     6 |     6 |     7 |     6 |     3 |     9 ||    51
         Potion            |       |     1 |     1 |       |     1 |       |     2 |     1 |     9 ||    15
   Stab: Distracted        |       |       |       |       |     1 |       |       |       |       ||     1
         Held in net/web   |       |       |       |       |       |     1 |       |       |       ||     1
 Armour: Animal skin       |    15 |       |       |       |       |       |       |       |       ||    15
         Ring mail         |    14 |    45 |    25 |       |       |       |       |       |       ||    84
         Skin              |       |    21 |    59 |   226 |   483 |   803 |   547 |   938 |   566 ||  3643
         Chain mail        |       |       |   103 |       |       |       |       |       |       ||   103
  Dodge: Dodged            |    30 |    41 |    96 |   208 |   852 |  1143 |   537 |   905 |   376 ||  4188
  Block: Buckler           |       |       |       |       |     7 |   459 |   285 |   482 |    39 ||  1272
   Form: Flux              |       |       |     1 |       |       |       |       |       |       ||     1
         Anaconda          |       |       |     1 |       |     7 |     1 |       |       |       ||     9
         Statue            |       |       |       |       |     7 |     1 |     3 |     6 |     2 ||    19
                           |       |       |       |       |     2 |       |       |       |       ||     2
         Dragon            |       |       |       |       |       |     1 |     3 |     7 |     3 ||    14

Table legend: (Time is in decaauts)
 A = Elapsed time spent in this place.
 B = Non-inter-level travel time spent in this place.
 C = Inter-level travel time spent in this place.
 D = Time resting spent in this place.
 E = Time spent auto-exploring this place.
 F = Levels seen in this place.
 G = Mean time per level.
                   A        B        C        D        E       F      G
               +--------+--------+--------+--------+--------+-----+--------+
         Total |  20587 |  18577 |   2010 |     10 |      0 |  69 |  298.4 |
       Dungeon |   7608 |   6304 |   1304 |      0 |      0 |  15 |  507.2 |
        Temple |     10 |     10 |      0 |      0 |      0 |   1 |   10.0 |
          Lair |   1009 |    938 |     71 |      0 |      0 |   5 |  201.8 |
        Shoals |   1308 |   1230 |     78 |      0 |      0 |   4 |  327.0 |
   Spider Nest |   1614 |   1589 |     25 |      0 |      0 |   4 |  403.5 |
    Slime Pits |    857 |    768 |     89 |      0 |      0 |   5 |  171.4 |
  Orcish Mines |   1013 |    996 |     17 |      0 |      0 |   2 |  506.5 |
   Elven Halls |   1475 |   1302 |    173 |      7 |      0 |   3 |  491.7 |
        Vaults |   2004 |   1815 |    189 |      0 |      0 |   5 |  400.8 |
        Depths |   1629 |   1567 |     62 |      3 |      0 |   4 |  407.2 |
           Zot |   1100 |   1100 |      0 |      0 |      0 |   5 |  220.0 |
         Abyss |    171 |    171 |      0 |      0 |      0 |   1 |  171.0 |
        Bazaar |    123 |    123 |      0 |      0 |      0 |   1 |  123.0 |
      Ice Cave |    212 |    212 |      0 |      0 |      0 |   1 |  212.0 |
      Gauntlet |    253 |    253 |      0 |      0 |      0 |   1 |  253.0 |
         Arena |    193 |    193 |      0 |      0 |      0 |  12 |   16.1 |
               +--------+--------+--------+--------+--------+-----+--------+

Top non-repeatable levels by time:
Vaults:5: 1431 daAuts
   Elf:3: 1303 daAuts
Spider:4: 885 daAuts
    D:11: 719 daAuts
    D:10: 682 daAuts
   Orc:2: 679 daAuts
 Slime:5: 642 daAuts
     D:2: 636 daAuts
Depths:2: 627 daAuts
    D:14: 604 daAuts
     D:9: 588 daAuts
    D:15: 560 daAuts
Shoals:4: 559 daAuts
    D:13: 540 daAuts
     D:7: 537 daAuts
